 Dungeon Crawl Stone Soup version 0.15-a0-773-g3a4c672 (webtiles) character file.

6437 4tharraofdagon the Cleaver (level 10, -8/96 HPs)
             Began as a Deep Dwarf Fighter on May 13, 2014.
             Was a High Priest of Makhleb.
             Mangled by an orc warrior
             ... wielding a +3,+0 halberd
              (12 damage)
             ... in a bailey.
             The game lasted 00:26:17 (3324 turns).

4tharraofdagon the Cleaver (Deep Dwarf Fighter)     Turns: 3324, Time: 00:26:18

HP  -8/96        AC 18     Str 20      XL: 10   Next: 67%
MP  17/17        EV  4     Int 12      God: Makhleb [*****.]
Gold 124         SH 19     Dex 14      Spells:  0 memorised,  9 levels left

rFire  . . .     SeeInvis .     A - +1,+0 war axe
rCold  . . .     Clarity  .     O - +0 plate armour
rNeg   + . .     Conserve .     c - +0 shield
rPois  .         rCorr    .     (no helmet)
rElec  .         rRot     .     P - +0 cloak
SustAb . .       Spirit   .     (no gloves)
rMut   .         Warding  .     i - +1 pair of boots
Gourm  .         Stasis   .     s - amulet of rage
MR     +....                    k - ring of positive energy
                                E - +2 ring of dexterity

@: non-regenerating, exhausted, slowed, very slow, somewhat resistant to hostile
enchantments, extremely unstealthy
A: damage resistance, recharge devices, sense surroundings 2, slow healing 3
a: Device Recharging, Minor Destruction, Lesser Servant of Makhleb, Major
Destruction, Greater Servant of Makhleb, Renounce Religion, Evoke Berserk Rage


You were in a bailey.
You worshipped Makhleb.
Makhleb was extremely pleased with you.
You were not hungry.

You visited 1 branch of the dungeon, and saw 12 of its levels.
You also visited: Bailey.

You collected 398 gold pieces.
You spent 274 gold pieces at shops.

Inventory:

Hand weapons
 a - a +0,+0 war axe
 m - a +0,+0 hand axe
 p - a +1,-3 war axe
 A - a +1,+0 war axe (weapon)
Missiles
 z - 8 tomahawks (quivered)
Armour
 b - a +0 scale mail
 c - a +0 shield (worn)
 i - a +1 pair of boots (worn)
 q - a +0 chain mail
 F - a cursed +0 plate armour
 O - a +0 plate armour (worn)
 P - a +0 cloak (worn)
Magical devices
 d - a wand of heal wounds (1)
 u - a wand of magic darts (7)
 w - a wand of draining (0)
 y - a wand of flame (17)
Comestibles
 f - 4 bread rations
 x - 3 meat rations
Scrolls
 n - 6 scrolls of remove curse
 o - a scroll of random uselessness
 r - a scroll of fear
 v - a scroll of enchant weapon I
 D - a scroll of enchant armour
Jewellery
 k - a ring of positive energy (right hand)
 l - an uncursed amulet of stasis
 s - an amulet of rage (around neck)
 E - a +2 ring of dexterity (left hand)
 G - an uncursed ring of ice
Potions
 e - 5 potions of might
 h - a potion of poison
 j - 8 potions of curing
 t - a potion of invisibility
 H - 2 potions of restore abilities
 I - a potion of resistance
 J - a potion of strong poison
 N - a potion of brilliance
Books
 C - a Young Poisoner's Handbook

   Spells                             Type                      Level
   Sting                              Conjuration/Poison           1
   Cure Poison                        Poison                       2
   Mephitic Cloud                     Conjuration/Poison/Air       3
   Olgreb's Toxic Radiance            Poison                       4
   Venom Bolt                         Conjuration/Poison           5
 K - a book of Air

   Spells                             Type                      Level
   Shock                              Conjuration/Air              1
   Swiftness                          Charms/Air                   2
   Repel Missiles                     Charms/Air                   2
   Flight                             Charms/Air                   3
   Static Discharge                   Conjuration/Air              3
   Lightning Bolt                     Conjuration/Air              5


   Skills:
 + Level 7.7 Fighting
 * Level 12.2 Axes
 + Level 9.3 Armour
 - Level 3.2 Shields
 + Level 1.6 Invocations
 - Level 5.0 Evocations


You had 9 spell levels left.
You didn't know any spells.

Dungeon Overview and Level Annotations

Branches:
Dungeon (12/15)
 Temple: D:4-7          Orc: D:9-12        Lair: D:8-11

Altars:
Ashenzari
Elyvilon
Gozag
Makhleb
Vehumet

Shops:
D:5 =*   D:6 %   D:7 *   D:10 *


Innate Abilities, Weirdness & Mutations

You are resistant to damage.
You can recharge devices by infusing magical energy.
You passively map the area around you.
You do not heal naturally.


Message History

The orc knight is severely wounded.
You block the orc knight's attack.
The orc warrior hits you but does no damage.
You closely miss the orc knight.
The orc knight is severely wounded.
You closely miss the orc knight.
The orc knight is heavily wounded.
The orc knight hits you from afar with a glaive!
* * * LOW HITPOINT WARNING * * *
You block the orc knight's attack.
You slash the orc knight!
The orc knight is severely wounded.
You barely miss the orc knight.
The orc knight is severely wounded.
You are no longer berserk.
You are exhausted.
You feel yourself slow down. The orc knight hits you with a trident!
* * * LOW HITPOINT WARNING * * *
The orc warrior hits you from afar with a glowing halberd!
You die...

* #### ####### #######
.....###.....#########.....#
,,.......'.......#.....#.......
,,
,.......'..oo@..).....'.......
,.......'..oo...).)..)).......
, ......'.......)))...'.......
, ......'.......#....)#.......
.....###.....#########.....# *
#### ####### #######


You could see 3 orc knights and an orc warrior (frenzied).

Vanquished Creatures
  2 hill giants
  A guardian serpent (D:10)
  A gargoyle (D:9)
  2 trolls
  A deep elf mage (D:10)
  2 wraiths
  An ugly thing (D:12)
  Grum (D:10)
  3 wolves (D:10)
  A water moccasin (D:10)
  2 ogres
  4 orc warriors
  A soldier ant (D:7)
  2 black bears (D:10)
  4 phantoms
  3 ice beasts
  2 centaurs (D:10)
  A necrophage (D:12)
  Duvessa (D:5)
  3 giant frogs
  3 jellies (D:10)
  Dowan (D:5)
  A crimson imp (D:6)
  The ghost of 4tharraofdagon the Ruffian, a weakling VSTm (D:3)
  2 orc priests
  3 hounds
  7 orc wizards
  7 worker ants
  An iguana (D:5)
  7 adders
  An orc zombie (D:7)
  A shadow imp (D:10)
  2 worms
  An ooze (D:1)
  46 orcs
  3 bats
  A bat skeleton (D:6)
  5 giant cockroaches
  9 goblins
  9 hobgoblins
  3 jackals (D:8)
  5 quokkas
  3 ball pythons
  4 giant newts
  A giant newt skeleton (D:4)
  9 kobolds
  13 rats
  A rat skeleton (D:5)
188 creatures vanquished.

Vanquished Creatures (collateral kills)
  An orc knight (Bailey)
  4 orc warriors (Bailey)
  7 orcs (Bailey)
12 creatures vanquished.

Grand Total: 200 creatures vanquished

Notes
Turn   | Place    | Note
--------------------------------------------------------------
     0 | D:1      | 4tharraofdagon, the Deep Dwarf Fighter, began the quest for the Orb.
     0 | D:1      | Reached XP level 1. HP: 20/20 MP: 1/1
    91 | D:2      | Found a radiant altar of Vehumet.
    94 | D:2      | Found a burning altar of Makhleb.
   100 | D:2      | Became a worshipper of Makhleb the Destroyer
   171 | D:1      | Reached XP level 2. HP: 27/27 MP: 2/2
   278 | D:2      | Acquired Makhleb's first power
   349 | D:3      | Reached XP level 3. HP: 34/34 MP: 3/3
   404 | D:3      | Reached XP level 4. HP: 40/42 MP: 4/4
   506 | D:3      | Noticed 4tharraofdagon's ghost (weakling VSTm)
   517 | D:3      | Reached skill level 4 in Armour
   525 | D:3      | Killed 4tharraofdagon's ghost
   568 | D:3      | Acquired Makhleb's second power
   681 | D:4      | Reached XP level 5. HP: 21/49 MP: 5/5
   743 | D:4      | Found a shattered altar of Ashenzari.
   823 | D:4      | Reached skill level 5 in Axes
   884 | D:5      | Entered Level 5 of the Dungeon
   884 | D:5      | Noticed Duvessa
   885 | D:5      | Noticed Dowan
   886 | D:5      | Noticed an ice beast
   892 | D:5      | Noticed a phantom
   895 | D:5      | Killed Duvessa
   895 | D:5      | Reached skill level 1 in Evocations
   895 | D:5      | Reached XP level 6. HP: 57/57 MP: 5/7
   895 | D:5      | Killed Dowan
   899 | D:5      | Killed an ice beast
   932 | D:5      | Killed a phantom
   932 | D:5      | Reached skill level 6 in Axes
   932 | D:5      | Reached skill level 5 in Armour
   932 | D:5      | Reached XP level 7. HP: 51/64 MP: 10/10
  1035 | D:5      | Found Gubrah's General Store.
  1061 | D:5      | Bought a scroll of identify for 28 gold pieces
  1061 | D:5      | Bought 2 potions of heal wounds for 84 gold pieces
  1069 | D:5      | Noticed an ogre
  1085 | D:5      | Killed an ogre
  1128 | D:5      | Found Muogyca's Jewellery Boutique.
  1364 | D:6      | Acquired Makhleb's third power
  1470 | D:6      | Found Truomudgh's Food Emporium.
  1482 | D:6      | Found an opulent altar of Gozag.
  1500 | D:5      | Reached skill level 7 in Axes
  1583 | D:6      | Reached XP level 8. HP: 19/73 MP: 13/13
  1700 | D:7      | Found a white marble altar of Elyvilon.
  1711 | D:7      | Found Isaorcha's General Store.
  1793 | D:7      | Reached skill level 5 in Fighting
  1926 | D:8      | Reached skill level 5 in Evocations
  1989 | D:9      | Noticed a gargoyle
  2001 | D:9      | Killed a gargoyle
  2001 | D:9      | Reached skill level 8 in Axes
  2003 | D:9      | Acquired Makhleb's fourth power
  2069 | D:9      | Gained mutation: You passively map the area around you. [level up]
  2069 | D:9      | Reached XP level 9. HP: 70/82 MP: 16/16
  2071 | D:9      | Reached skill level 9 in Axes
  2171 | D:10     | Entered Level 10 of the Dungeon
  2195 | D:10     | Noticed a hill giant
  2205 | D:10     | Killed a hill giant
  2293 | D:10     | Reached skill level 10 in Axes
  2458 | D:10     | Noticed Grum
  2481 | D:10     | Killed Grum
  2486 | D:10     | Reached XP level 10. HP: 44/92 MP: 17/17
  2523 | D:10     | Noticed a guardian serpent
  2529 | D:10     | Reached skill level 11 in Axes
  2541 | D:10     | Killed a guardian serpent
  2580 | D:10     | Found Triperr's Assorted Antiques.
  2586 | D:10     | Bought a silvery potion for 26 gold pieces
  2586 | D:10     | Bought a gluggy orange potion for 26 gold pieces
  2586 | D:10     | Bought a scroll labeled HUYLUXOTYI for 29 gold pieces
  2586 | D:10     | Bought an emulsified purple potion for 26 gold pieces
  2586 | D:10     | Bought a scroll labeled BRIOSO NANLE for 29 gold pieces
  2586 | D:10     | Bought a purple potion for 26 gold pieces
  2887 | D:12     | Noticed a hill giant
  2907 | D:12     | Killed a hill giant
  3020 | D:12     | Found a flagged portal.
  3030 | Bailey   | Entered a bailey
  3051 | Bailey   | Acquired Makhleb's fifth power
  3182 | Bailey   | Reached skill level 12 in Axes
  3262 | Bailey   | Noticed an orc knight
  3276 | Bailey   | Killed an orc knight
  3276 | Bailey   | Reached skill level 1 in Invocations
  3294 | Bailey   | Noticed an orc knight
  3294 | Bailey   | Noticed an orc knight
  3312 | Bailey   | Noticed an orc knight
  3324 | Bailey   | HP: 4/96 [orc knight/trident (7)]
  3324 | Bailey   | Mangled by an orc warrior

Action                   |  1- 3 |  4- 6 |  7- 9 | 10-12 || total
-------------------------+-------+-------+-------+-------++-------
Melee: War axe           |    67 |   142 |   365 |   137 ||   711
Throw: Dart              |       |     1 |     1 |       ||     2
       Tomahawk          |       |       |     1 |       ||     1
Invok: Greater Servant o |       |       |       |     1 ||     1
 Abil: Evoke Berserk Rag |       |     1 |     8 |     7 ||    16
       Device Recharging |       |       |     1 |       ||     1
Evoke: Wand              |       |     2 |    15 |     3 ||    20
  Use: Potion            |       |       |     4 |     6 ||    10
       Scroll            |       |       |     3 |    12 ||    15

Vault maps used:
D:1:      ncdulo_halloftheorcs
D:2:      grunt_temple_overflow_open, lemuel_zombie_altar_yredelemnul,
          st_stairs_4
D:3:      tgw_xom
D:4:      bloody_trog, old_standard_altar, first_bread, baited_tele_trap
D:5:      lemuel_coloured_pillars_altar, serial_shops,
          nicolae_shop_competitors_out_of_business,
          nicolae_shop_window_shopping,
          nicolae_shop_temple_entry_statues_fountains, uniq_duvessa
D:6:      serial_shops, shop, kennysheep_flooded_box,
          nicolae_gozag_cash_rules_everything_around_me
D:7:      kennysheep_mini_moat, minmay_temple_entry_steel_oval, serial_shops,
          shop
D:8:      overflow_temple_1_default, grunt_rat_hole
D:9:      tso_metal_star, zin_purify, serial_glass, glass_columns_a,
          glass_columns_b, glass_columns_c, glass_columns_b, glass_columns_b,
          glass_columns_c, glass_columns_b, glass_columns_b, glass_columns_a,
          glass_columns_a, glass_columns_c, glass_columns_b, glass_columns_a,
          glass_columns_c, minmay_strange_pillars
D:10:     serial_shops, shop, nrook_guardian_serpent_ordinary, uniq_grum
D:11:     erik_lair_island, serial_shops, shop, uniq_urug
D:12:     orc_0_dummy, enter_bailey_2
Bailey:   bailey_polearm_5, bailey
